 Dungeon Crawl Stone Soup version 0.18-a0-1390-gc02854d (webtiles) character file.

116 gorblad the Skirmisher (level 4, -3/63 HPs)
             Began as a Centaur Fighter on Feb 22, 2016.
             Slain by Crazy Yiuf
             ... wielding a +3 quarterstaff of chaos
              (5 damage)
             ... on level 2 of the Dungeon.
             The game lasted 00:03:43 (2206 turns).

gorblad the Skirmisher (Centaur Fighter)            Turns: 2206, Time: 00:03:43

Health: -3/63      AC:  8    Str: 22 (24) XL:     4   Next: 70%
Magic:  4/4        EV:  5    Int:  4 (7)  God:
Gold:   72         SH:  8    Dex:  6 (9)  Spells: 0 memorised, 3 levels left

rFire  . . .     SeeInvis .     a - +0 war axe
rCold  . . .     Gourm    .     b - +1 scale mail
rNeg   . . .     Faith    .     c - +0 shield
rPois  .         Spirit   .     h - +0 helmet
rElec  .         Dismiss  .     (no cloak)
rCorr  .         Reflect  .     (no gloves)
SustAt .         Harm     .     (no barding)
MR     .....                    (no amulet)
Stlth  ..........               (no ring)
                                (no ring)

@: berserking, lethally poisoned (-3 -> -4), very quick, not resistant to
hostile enchantments, extremely unstealthy
A: hooves 3, deformed body, speed 2, tough skin 3
a: no special abilities


You were on level 2 of the Dungeon.
You were hungry.

You visited 1 branch of the dungeon, and saw 2 of its levels.

You collected 72 gold pieces.

Inventory:

Hand Weapons
 a - a +0 war axe (weapon)
Armour
 b - a +1 scale mail (worn)
 c - a +0 shield (worn)
 h - a +0 helmet (worn)
Scrolls
 i - a scroll of teleportation
Comestibles
 f - 2 bread rations
 j - a slice of pizza
 k - a meat ration
 n - a fruit


   Skills:
 + Level 5.5 Fighting
 - Level 1.7 Axes
 - Level 2.1 Armour
 - Level 2.1 Shields


You had 3 spell levels left.
You didn't know any spells.

Dungeon Overview and Level Annotations

Branches:
Dungeon (2/15)

Altars:

Annotations:
D:2 Crazy Yiuf


Innate Abilities, Weirdness & Mutations

You have hooves in place of feet.
Armour fits poorly on your strangely shaped body.
You cover ground very quickly.
You have extremely tough skin (AC +3).


Message History

You feel a little less agile now.
* * * LOW HITPOINT WARNING * * *
You feel sick. You block Crazy Yiuf's attack.
Drink which item? (? for menu, Esc to quit)
It was a potion of degeneration.
There was something very wrong with that liquid.
You feel weakened.
You feel dopey.
You feel clumsy. You block Crazy Yiuf's attack.
Drink which item? (? for menu, Esc to quit)
It was a potion of berserk rage.
A red film seems to cover your vision as you go berserk!
You feel yourself moving faster!
You feel mighty!
You barely miss Crazy Yiuf. You kick Crazy Yiuf.
Crazy Yiuf is heavily wounded.
* * * LOW HITPOINT WARNING * * *
You feel sick. You block Crazy Yiuf's attack.
You hit Crazy Yiuf.
Crazy Yiuf is severely wounded.
Crazy Yiuf hits you with a quarterstaff of chaos.
You die...

.....# ####.# #
#.# #.# #.# #.#
♣♣♣♣♣### #.######
#### ♣♣♣.♣....##
#......#
#...#♣..♣.♣....##
##########
#..g@.♣♣♣♣PP....#
##.## #)..#♣♣
♣♣P....# ....#
#### ♣♣###.#
#...## #..#
.###.# #.##
..#[.#
############ ##.#
.....#
#..........# #..#
.....#
#.####.....# #.##
#....###.#
#.....# #.#


You could see Crazy Yiuf.

Vanquished Creatures
  Robin (D:2)
  3 gnolls (D:2)
  2 adders (D:2)
  A worm (D:2)
  A dart slug (D:2)
  2 giant geckos (D:2)
  3 giant cockroaches
  13 goblins
  7 hobgoblins
  A jackal (D:1)
  A ball python (D:2)
  6 bats
  2 giant newts
  2 kobolds (D:1)
  9 rats
  2 fungi (D:2)
56 creatures vanquished.

Notes
Turn   | Place    | Note
--------------------------------------------------------------
     0 | D:1      | gorblad the Centaur Fighter began the quest for the Orb.
     0 | D:1      | Reached XP level 1. HP: 19/19 MP: 1/1
   190 | D:1      | Reached XP level 2. HP: 26/26 MP: 2/2
   613 | D:1      | Reached skill level 4 in Fighting
   738 | D:2      | Noticed Robin
   743 | D:2      | Reached XP level 3. HP: 19/33 MP: 3/3
   766 | D:2      | Killed Robin
  1147 | D:2      | Reached XP level 4. HP: 23/41 MP: 4/4
  1150 | D:2      | Reached skill level 5 in Fighting
  1157 | D:2      | HP: 1/42 [gnoll/flail (2)]
  2191 | D:2      | Noticed Crazy Yiuf
  2200 | D:2      | HP: 2/42 [Crazy Yiuf/quarterstaff of chaos (1)]
  2205 | D:2      | HP: 2/63 [poisoned by Crazy Yiuf]
  2206 | D:2      | Slain by Crazy Yiuf

Vault maps used:
D:1:      minmay_arrival_diagonal_passages, kennysheep_decorative_pillar,
          hex_tiny, st_stairs_14, feat_on_display
D:2:      first_bread, uniq_robin, uniq_crazy_yiuf_cottage

Skill      XL: |  1  2  3  4 |
---------------+-------------+-----
Fighting       | 4 5 |  5.5
Axes           | |  1.7
Armour         | |  2.1
Shields        | |  2.1

Action                   |  1- 3 |  4- 6 || total
-------------------------+-------+-------++-------
Melee: War axe           |   147 |    76 ||   223
  Use: Scroll            |     4 |       ||     4
       Potion            |     3 |     4 ||     7
  Eat: Chunk             |       |     3 ||     3
